 Dungeon Crawl Stone Soup version 0.30-a0-860-g512cf1e979 (webtiles) character file.

Game seed: 17195741427202959854

2 qeuew the Vexing (level 1, -2/15 HPs)
             Began as a Formicid Hexslinger on Mar 7, 2023.
             Slain by a hobgoblin (3 damage)
             ... on level 1 of the Dungeon.
             The game lasted 00:00:26 (67 turns).

qeuew the Vexing (Formicid Hexslinger)                Turns: 67, Time: 00:00:27

Health: -2/15      AC:  2    Str: 14    XL:     1   Next: 44%
Magic:  2/2        EV: 12    Int: 12    God:
Gold:   0          SH:  0    Dex: 14    Spells: 1/2 levels left

rFire   . . .      SeeInvis +    a - +1 sling
rCold   . . .      Faith    .    (no shield)
rNeg    . . .      Spirit   .    c - +0 robe
rPois   .          Reflect  .    (helmet unavailable)
rElec   .          Rampage  .    (no cloak)
rCorr   .                        (no gloves)
Will    .....                    (no boots)
Stlth   +                        (no amulet)
HPRegen 0.22/turn                (no ring)
MPRegen 0.08/turn                (no ring)

@: no status effects
A: permanent stasis, dig shafts and tunnels, antennae 3, four strong arms
a: Dig, Shaft Self


You were on level 1 of the Dungeon.
You visited 1 branch of the dungeon, and saw 1 of its levels.

Inventory:

Hand Weapons
 a - a +1 sling (weapon)
Armour
 c - a +0 robe (worn)
Scrolls
 b - a scroll of poison
 e - a scroll of teleportation {unknown}
Potions
 d - 2 potions of heal wounds {unknown}


   Skills:
 + Level 1.1 Fighting
 * Level 2.0 Ranged Weapons
 + Level 0.0 Armour
 + Level 1.8 Dodging
 * Level 0.2 Stealth
 + Level 1.1 Spellcasting
 + Level 3.6 Hexes


You had one spell level left.
You knew the following spells:

 Your Spells              Type           Power      Damage    Failure   Level
a - Slow                  Hex            36%        N/A       7%          1

Your spell library contained the following spells:

 Spells                   Type           Power      Damage    Failure   Level
 Inner Flame              Hex/Fire       5%         N/A       38%         3
 Portal Projectile        Hex/Tloc       10%        N/A       38%         3
 Cause Fear               Hex            4%         N/A       54%         4


Dungeon Overview and Level Annotations

Branches:
Dungeon (1/15)

Altars:


Innate Abilities, Weirdness & Mutations

You cannot be hasted, slowed, berserked, paralysed or teleported.
You can dig through walls and to a lower floor.
You have a pair of large antennae on your head. (SInv)
Your four strong arms can wield two-handed weapons with a shield.


Message History

You shoot a sling bullet.
The sling bullet closely misses the hobgoblin.
You hear a shout!
A hobgoblin comes into view.
A dart slug comes into view.
There are monsters nearby!
You shoot a sling bullet.
The sling bullet closely misses the hobgoblin.
There are monsters nearby!
You shoot a sling bullet.
The sling bullet completely misses the hobgoblin.
The hobgoblin barely misses you.
A goblin comes into view. It is wielding a +0 dagger.
There are monsters nearby!
You shoot a sling bullet. The sling bullet hits the goblin.
The goblin is severely wounded.
A bat comes into view.
The hobgoblin barely misses you. The goblin hits you but does no damage.
The kobold misses you.
The bat moves out of view.
There are monsters nearby!
You shoot a sling bullet. The sling bullet hits the goblin.
You kill the goblin!
The hobgoblin hits you. The kobold hits you with a +0 club.
The kobold misses you. The hobgoblin misses you.
The hobgoblin barely misses you.
You shoot a sling bullet. The sling bullet hits the hobgoblin.
The hobgoblin is lightly wounded.
The hobgoblin barely misses you. The hobgoblin hits you.
The kobold closely misses you.
You shoot a sling bullet. The sling bullet hits the hobgoblin.
The hobgoblin is almost dead.
The hobgoblin hits you but does no damage.
The hobgoblin hits you. The kobold barely misses you.
You shoot a sling bullet.
The sling bullet barely misses the hobgoblin.
The hobgoblin hits you. The kobold hits you with a +0 club.
* * * LOW HITPOINT WARNING * * *
The hobgoblin hits you.
* * * LOW HITPOINT WARNING * * *
The hobgoblin hits you.
You die...

## .# .# .# { .#
#.#.#######g######
..........@gw.....
############.#.#Kb...##
...........).#.##..#.#
#.........#.. ..#
####'....♣..#... .#
###...##......#.#.#..
....######....#.#(. ..
###.# #....#........
....# ##...#


You could see a dart slug, 2 hobgoblins, a bat and a kobold.

Vanquished Creatures
  2 goblins (D:1)
2 creatures vanquished.

Notes
Turn   | Place    | Note
-------+----------+-------------------------------------------
     0 | D:1      | qeuew the Formicid Hexslinger began the quest for the Orb.
     0 | D:1      | Reached XP level 1. HP: 15/15 MP: 2/2
    67 | D:1      | Slain by a hobgoblin

Illustrated notes

Levels and vault maps discovered:
D:1:      nicolae_arrival_somewhat_less_tricky_arrival, layout_basic,
          serial_shops, shop

Action                     || total
---------------------------++-------
   Fire: Sling             ||    10
   Cast: Slow              ||     2
 Armour: Robe              ||     2
  Dodge: Dodged            ||     9

Table legend: (Time is in decaauts)
 A = Elapsed time spent in this place.
 B = Non-inter-level travel time spent in this place.
 C = Inter-level travel time spent in this place.
 D = Time resting spent in this place.
 E = Time spent auto-exploring this place.
 F = Levels seen in this place.
 G = Mean time per level.
                   A        B        C        D        E       F      G
               +--------+--------+--------+--------+--------+-----+--------+
         Total |     69 |     69 |      0 |      0 |     49 |   1 |   69.0 |
       Dungeon |     69 |     69 |      0 |      0 |     49 |   1 |   69.0 |
               +--------+--------+--------+--------+--------+-----+--------+

Top non-repeatable levels by time:
     D:1: 69 daAuts
